 Dungeon Crawl Stone Soup version 0.25-a0-310-g60f0ac2d9a (webtiles) character file.

Game seed: 1173575193318218783, levelgen mode: classic

4927 EnegeticOcto the Fighter (level 10, -4/85 HPs)
             Began as a Formicid Gladiator on Dec 22, 2019.
             Was an Elder of Okawaru.
             Slain by a salamander
             ... wielding a +0 halberd
              (6 damage)
             ... in a bailey on Dec 24, 2019.
             The game lasted 00:13:13 (8651 turns).

EnegeticOcto the Fighter (Formicid Gladiator)       Turns: 8651, Time: 00:13:13

Health: -4/85      AC: 15    Str: 20    XL:     10   Next: 81%
Magic:  10/10      EV: 11    Int:  8    God:    Okawaru [****..]
Gold:   507        SH: 11    Dex: 19    Spells: 9/9 levels left

rFire    + . .     SeeInvis +   a - +1 quarterstaff
rCold    + . .     Gourm    .   s - +0 shield
rNeg     . . .     Faith    .   f - +0 plate armour
rPois    +         Spirit   .   (helmet unavailable)
rElec    +         Reflect  .   w - +0 cloak
rCorr    +         Harm     .   (no gloves)
MR       +....                  n - +0 pair of boots
Stlth    ..........             (no amulet)
HPRegen  0.24/turn              b - ring of stealth
MPRegen  0.12/turn              (no ring)

@: agile, resistant
A: permanent stasis, dig shafts and tunnels, four strong arms, antennae 3
a: Dig, Shaft Self, Heroism, Renounce Religion


You were in a bailey.
You worshipped Okawaru.
Okawaru was greatly pleased with you.
You were not hungry.

You visited 1 branch of the dungeon, and saw 8 of its levels.
You also visited: Bailey.

You collected 507 gold pieces.

Inventory:

Hand Weapons
 a - a +1 quarterstaff (weapon)
 y - a +2 quarterstaff of chaos
Missiles
 c - 2 throwing nets (quivered) {!f}
 t - 44 arrows
 v - 25 bolts
Armour
 f - a +0 plate armour (worn)
 n - a +0 pair of boots (worn)
 s - a +0 shield (worn)
 w - a +0 cloak (worn)
Jewellery
 b - a ring of stealth (left hand)
Wands
 l - a wand of polymorph (5)
Scrolls
 h - 2 scrolls of fear {!r}
 i - 6 scrolls of remove curse {@r2}
 o - a scroll of enchant weapon
 u - a scroll of identify {@r1}
Potions
 d - 5 potions of might {@q3 !q}
 j - 2 potions of agility {@q5 !q}
 k - 2 potions of curing {@q1 !q}
 m - a potion of mutation {unknown}
 p - a potion of cancellation {unknown}
 q - a potion of brilliance {unknown}
 r - 3 potions of resistance
 x - a potion of heal wounds {@q2 !q}
 B - a potion of degeneration {unknown}
Comestibles
 e - 12 rations
 g - 9 chunks of flesh


   Skills:
 * Level 10.2 Fighting
 * Level 9.6 Staves
 - Level 2.0 Throwing
 + Level 6.8 Armour
 - Level 2.6 Dodging
 + Level 5.6 Shields


You had 9 spell levels left.
You didn't know any spells.
Your spell library contained the following spells:

 Spells                   Type           Power        Failure   Level  Hunger
 Animate Skeleton         Necr           N/A          100%        1    ##.....
 Apportation              Tloc           #.....       100%        1    ##.....
 Confusing Touch          Hex            #.....       100%        1    ##.....
 Summon Small Mammal      Summ           #...         100%        1    ##.....


Dungeon Overview and Level Annotations

Branches:
Dungeon (8/15)             Temple (0/1) D:6          Bailey (1/1)
   Lair: D:8-11

Altars:
Ashenzari
Cheibriados
Dithmenos
Elyvilon
Okawaru
Uskayaw
Wu Jian
Yredelemnul
Zin
The Shining One

Shops:
D:5 [

Annotations:
D:4 1 exclusion, Blork the orc
D:6 3 runed translucent doors, Burgietje's ghost, novice GrFi
D:7 3 runed translucent doors, walterwhite's ghost, novice TeCj
D:8 1 runed translucent door


Innate Abilities, Weirdness & Mutations

You cannot be hasted, slowed, berserked, paralysed or teleported.
You can dig through walls and to a lower floor.
Your four strong arms can wield two-handed weapons with a shield.
You have a pair of large antennae on your head. (SInv)


Message History

Aim: an orc knight, wielding a -1 glaive and wearing a cursed -2 scale mail (unusually strong, chance to defeat MR: 28%)
The orc knight easily resists.
The orc warrior shouts!
Evoke which item? (* to show all) (? for menu, Esc to quit)
Aiming: Polymorph
Press: ? - help, Shift-Dir - straight line, f/p - orc knight
Aim: an orc knight, wielding a -1 glaive and wearing a cursed -2 scale mail (unusually strong, chance to defeat MR: 28%)
The orc knight easily resists.
The orc knight roars a battlecry!
The orc knight goes into a battle-frenzy!
Evoke which item? (* to show all) (? for menu, Esc to quit)
Aiming: Polymorph
Press: ? - help, Shift-Dir - straight line, f/p - orc knight
Aim: an orc knight, wielding a -1 glaive and wearing a cursed -2 scale mail (unusually strong, chance to defeat MR: 28%)
The orc knight easily resists.
Evoke which item? (* to show all) (? for menu, Esc to quit)
Aiming: Polymorph
Press: ? - help, Shift-Dir - straight line, f/p - orc knight
Aim: an orc knight, wielding a -1 glaive and wearing a cursed -2 scale mail (unusually strong, chance to defeat MR: 28%)
The orc knight evaporates and reforms as a komodo dragon!
Evoke which item? (* to show all) (? for menu, Esc to quit)
Aiming: Polymorph
Press: ? - help, Shift-Dir - straight line, f - orc knight, p - komodo dragon
Aim: an orc knight, wielding a +0 halberd and wearing a +0 scale mail (unusually strong, chance to defeat MR: 28%)
The orc knight evaporates and reforms as a salamander!
The salamander picks up a +0 halberd.
The salamander wields a +0 halberd.
Evoke which item? (* to show all) (? for menu, Esc to quit)
Aiming: Polymorph
Press: ? - help, Shift-Dir - straight line, f/p - salamander
Aim: a salamander, wielding a +0 halberd (chance to defeat MR: 28%)
The salamander easily resists.
You gain the combat prowess of a mighty hero.
You block the salamander's attack.
You thump the salamander!
The salamander is lightly wounded.
The salamander hits you with a +0 halberd!
You are engulfed in flames!
Your plate armour prevents you from hitting the salamander.
The salamander is lightly wounded.
You sock the salamander!
The salamander is moderately wounded.
The salamander closely misses you.
You hit the salamander but do no damage.
The salamander is moderately wounded.
You sock the salamander!
The salamander is moderately wounded.
The salamander hits you with a +0 halberd!!
You are engulfed in flames!
You are too injured to fight recklessly!
You are too injured to fight recklessly!
You are too injured to fight recklessly!
You are too injured to fight recklessly!
You are too injured to fight recklessly!
Really quaff
j - 3 potions of agility {@q5 !q}?
You feel agile all of a sudden. You block the salamander's attack.
It was a potion of heal wounds.
You feel much better.
You feel protected.
The salamander hits you with a +0 halberd!
You are engulfed in flames.
You resist.
You hit the salamander but do no damage.
The salamander is moderately wounded.
The salamander closely misses you.
You barely miss the salamander.
The salamander is moderately wounded.
You barely miss the salamander.
The salamander is moderately wounded.
You block the salamander's attack.
You thump the salamander!
The salamander is heavily wounded.
You feel like a meek peon again.
You hit the salamander but do no damage.
The salamander is heavily wounded.
The salamander hits you with a +0 halberd!
You are engulfed in flames.
You resist.
You hit the salamander.
The salamander is heavily wounded.
The salamander barely misses you.
You hit the salamander.
The salamander is severely wounded.
You hit the salamander.
The salamander is severely wounded.
The salamander barely misses you.
You closely miss the salamander.
The salamander is severely wounded.
You block the salamander's attack.
Your shield and plate armour prevent you from hitting the salamander.
The salamander is severely wounded.
You hit the salamander but do no damage.
The salamander is severely wounded.
The salamander hits you with a +0 halberd!
* * * LOW HITPOINT WARNING * * *
You are engulfed in flames.
You resist.
* * * LOW HITPOINT WARNING * * *
You hit the salamander.
The salamander is severely wounded.
The salamander hits you with a +0 halberd!
* * * LOW HITPOINT WARNING * * *
You are engulfed in flames.
You resist.
You die...

#∩.≈ ≈[.⌠∩⌠. #..≈≈ #.≈≈ ≈Nlo§§§
##..≈ #.≈. .§≈≈≈ ##.. #.≈. .§§
{##.
#.≈.#########'###+#############.
#.≈.).)..)...##.....##.)......).
#.≈≈≈≈≈≈≈≈≈≈..##.∩.##.)≈≈≈≈≈≈≈≈≈
#..........≈≈.N## ##..≈≈........
##########..≈≈.@###..≈≈..#######
##..≈≈.....≈≈..##
##..≈≈≈≈≈≈≈..## ##.........##
###########


You could see a salamander.

Vanquished Creatures
  Pikel (D:6)
  Joseph (D:7)
  Prince Ribbit (D:7)
  Grinder (D:4)
  A spriggan (D:7)
  2 hungry ghosts (D:8)
  Menkaure (D:7)
  3 orc warriors
  4 ice beasts
  2 phantoms
  4 sky beasts
  A black bear (D:7)
  6 ogres
  A big kobold (D:7)
  A bullfrog (D:6)
  5 scorpions
  A howler monkey (D:5)
  2 quasits
  3 crimson imps
  2 jellies
  2 hounds (D:7)
  2 orc priests
  Crazy Yiuf (D:5)
  9 orc wizards
  A bullfrog skeleton (D:4)
  4 worker ants
  2 killer bee zombies
  A hound zombie (D:7)
  A hound skeleton (D:7)
  3 gnolls (D:2)
  A howler monkey skeleton (D:4)
  8 adders
  A shadow imp (D:5)
  An ooze (D:2)
  An adder zombie (D:5)
  An adder skeleton (D:4)
  A worm (D:2)
  3 leopard geckos
  23 orcs
  A ball python (D:5)
  3 bats
  4 giant cockroaches
  8 goblins
  6 hobgoblins
  7 jackals
  2 quokkas
  3 frilled lizards
  11 kobolds
  A leopard gecko skeleton (D:5)
  A quokka zombie (D:7)
  4 rats
  A fungus (D:5)
161 creatures vanquished.

Vanquished Creatures (others)
  A leopard gecko (D:6)
1 creature vanquished.

Grand Total: 162 creatures vanquished

Notes
Turn   | Place    | Note
-------+----------+-------------------------------------------
     0 | D:1      | EnegeticOcto the Formicid Gladiator began the quest for the
                  | Orb.
     0 | D:1      | Reached XP level 1. HP: 16/16 MP: 1/1
   435 | D:1      | You fall into a shaft and drop 1 floor!
   487 | D:2      | Reached XP level 2. HP: 19/23 MP: 2/2
   595 | D:1      | Reached XP level 3. HP: 28/28 MP: 3/3
   670 | D:1      | Reached skill level 1 in Armour
  1097 | D:1      | Reached skill level 3 in Fighting
  1469 | D:2      | Reached XP level 4. HP: 31/35 MP: 4/4
  1717 | D:2      | Found a white marble altar of Elyvilon.
  2178 | D:3      | Found a shadowy altar of Dithmenos.
  2186 | D:3      | Reached XP level 5. HP: 42/42 MP: 5/5
  2251 | D:3      | Found an iron altar of Okawaru.
  2259 | D:3      | Became a worshipper of Warmaster Okawaru
  2499 | D:3      | Found a glowing golden altar of the Shining One.
  2500 | D:3      | Found an ornate altar of the Wu Jian Council.
  2504 | D:3      | Found a hide-covered altar of Uskayaw.
  2670 | D:4      | Noticed a phantom
  2680 | D:4      | Upgraded the game from 0.25-a0-308-geac79542e2 to
                  | 0.25-a0-310-g60f0ac2d9a
  2686 | D:4      | Found a snail-covered altar of Cheibriados.
  2712 | D:3      | Reached skill level 4 in Fighting
  3093 | D:3      | Killed a phantom
  3093 | D:3      | Reached XP level 6. HP: 35/49 MP: 6/6
  3520 | D:4      | Reached skill level 5 in Staves
  3544 | D:4      | Reached skill level 5 in Fighting
  3616 | D:4      | Noticed Grinder
  3660 | D:4      | Reached * piety under Okawaru
  3660 | D:4      | Reached XP level 7. HP: 56/56 MP: 7/7
  3681 | D:4      | Killed Grinder
  3813 | D:4      | Got a jewelled ring mail
  3824 | D:4      | Identified the +2 ring mail "Fuipok" {+Inv MR+ MP+9} (You
                  | found it on level 4 of the Dungeon)
  3973 | D:4      | Found a glowing silver altar of Zin.
  4073 | D:4      | Reached skill level 6 in Fighting
  4153 | D:4      | Reached XP level 8. HP: 16/64 MP: 5/8
  4489 | D:4      | Noticed Blork the orc
  4607 | D:5      | Entered Level 5 of the Dungeon
  4640 | D:5      | Reached ** piety under Okawaru
  4948 | D:5      | Reached skill level 7 in Fighting
  4948 | D:5      | Reached skill level 1 in Shields
  5423 | D:5      | Reached XP level 9. HP: 72/72 MP: 9/9
  5594 | D:5      | Found Esiamimn's Armour Boutique.
  5615 | D:5      | Reached skill level 5 in Armour
  5751 | D:5      | Reached skill level 8 in Fighting
  5899 | D:5      | Found a runed translucent door.
  5900 | D:5      | Noticed Crazy Yiuf
  5906 | D:5      | Killed Crazy Yiuf
  6311 | D:6      | Found a staircase to the Ecumenical Temple.
  6326 | D:6      | Found a runed translucent gate.
  6326 | D:6      | Found a runed translucent gate.
  6483 | D:6      | Found a runed translucent gate.
  6489 | D:6      | Noticed Burgietje's ghost (novice GrFi)
  6497 | D:6      | Noticed Pikel
  6518 | D:6      | Killed Pikel
  6518 | D:6      | Reached *** piety under Okawaru
  6518 | D:6      | Received a gift from Okawaru
  6750 | D:6      | Found a basalt altar of Yredelemnul.
  6916 | D:7      | Noticed Joseph
  6942 | D:7      | Killed Joseph
  6942 | D:7      | Reached skill level 9 in Fighting
  6942 | D:7      | Reached XP level 10. HP: 57/83 MP: 10/10
  7091 | D:7      | Noticed Menkaure
  7092 | D:7      | Noticed Prince Ribbit
  7098 | D:7      | Killed Prince Ribbit
  7112 | D:7      | Killed Menkaure
  7123 | D:7      | Reached **** piety under Okawaru
  7154 | D:7      | Reached skill level 5 in Shields
  7582 | D:7      | Found a shattered altar of Ashenzari.
  7605 | D:7      | Found a white marble altar of Elyvilon.
  7607 | D:7      | Received a gift from Okawaru
  7886 | D:7      | Found a runed translucent gate.
  7886 | D:7      | Found a runed translucent gate.
  7886 | D:7      | Found a runed translucent gate.
  7964 | D:7      | Noticed walterwhite's ghost (novice TeCj)
  8279 | D:8      | Reached skill level 10 in Fighting
  8371 | D:8      | Found a runed translucent door.
  8468 | D:8      | Found a flagged portal.
  8483 | Bailey   | Entered a bailey
  8617 | Bailey   | Noticed an orc knight
  8617 | Bailey   | Noticed an orc knight
  8621 | Bailey   | Noticed a komodo dragon
  8621 | Bailey   | an orc knight changed into a komodo dragon
  8622 | Bailey   | Noticed a salamander
  8622 | Bailey   | an orc knight changed into a salamander
  8651 | Bailey   | HP: 2/85 [salamander/+0 halberd (11)]
  8651 | Bailey   | Slain by a salamander

Levels and vault maps discovered:
D:1:      minmay_arrival_four_houses, layout_basic
D:2:      layout_basic, lemuel_round_altar
D:3:      layout_rooms, kennysheep_okawaru_gauntlet, lemuel_round_altar,
          minitemple, first_ration
D:4:      layout_rooms, zin_academy, nicolae_overflow_crystal_walls, tgw_sif,
          minmay_crossroads, uniq_grinder
D:5:      layout_basic, serial_shops, shop, minmay_bent, uniq_crazy_yiuf_cottage
D:6:      layout_cave_pods, lemuel_doored_altar,
          minmay_temple_entry_purple_smoke, gammafunk_ghost_split, uniq_pikel
D:7:      layout_loops_corners, ashenzari_conservatory_becter,
          gammafunk_ghost_icy, basic_altar, the_bakery, uniq_menkaure,
          uniq_prince_ribbit1, uniq_joseph
D:8:      kennysheep_blocky_hall, layout_cave_pods, kennysheep_mini_moat,
          enter_bailey_3, minmay_guarded_unrand_staff_of_olgreb
Bailey:   bailey_polearm_1, bailey

Skill      XL: |  1  2  3  4  5  6  7  8  9 10 |
---------------+-------------------------------+-----
Armour         | 1 2 3 4 5 6 |  6.8
Fighting       | 3 4 5 6 7 9 10 | 10.2
Staves         | 4 5 6 7 8 9 |  9.6
Shields        | 1 4 5 |  5.6
Throwing       | |  2.0
Dodging        | |  2.6

Action                   |  1- 3 |  4- 6 |  7- 9 | 10-12 || total
-------------------------+-------+-------+-------+-------++-------
Melee: Quarterstaff      |    90 |   168 |   286 |   245 ||   789
Throw: Throwing net      |     3 |     1 |     1 |       ||     5
Invok: Heroism           |       |       |     6 |     2 ||     8
 Abil: Dig               |       |       |       |     1 ||     1
Evoke: Wand              |       |       |       |     6 ||     6
  Use: Scroll            |       |     4 |    10 |       ||    14
       Potion            |       |       |       |     4 ||     4
  Eat: Chunk             |     2 |     7 |     7 |     5 ||    21
       Ration            |       |       |     1 |     1 ||     2
Armor: Chain mail        |    28 |       |       |       ||    28
       Plate armour      |    31 |   102 |   129 |    71 ||   333
       Skin              |       |       |       |    13 ||    13
Dodge: Dodged            |    50 |    56 |    50 |    33 ||   189
Block: Shield            |       |       |    57 |    99 ||   156

Table legend:
 A = Non-vault XP
 B = Vault XP
 C = Vault XP percentage of total XP
 D = Non-vault monster count
 E = Vault monster count
 F = Vault count percentage of total count
                 A         B        C        D         E       F
            +---------+---------+-------+---------+---------+-------
      Total |    4422 |    2617 |  37.2 |     132 |      28 |  17.5
            +---------+---------+-------+---------+---------+-------
        D:1 |      30 |       0 |   0.0 |      11 |       0 |   0.0
        D:2 |      84 |       0 |   0.0 |      16 |       0 |   0.0
        D:3 |     323 |       0 |   0.0 |      19 |       0 |   0.0
        D:4 |     483 |     334 |  40.9 |      16 |       2 |  11.1
        D:5 |    1117 |     192 |  14.7 |      21 |       6 |  22.2
        D:6 |     450 |     673 |  59.9 |       9 |       1 |  10.0
        D:7 |    1285 |    1119 |  46.5 |      32 |       4 |  11.1
        D:8 |     650 |     145 |  18.2 |       8 |       6 |  42.9
     Bailey |       0 |     154 | 100.0 |       0 |       9 | 100.0
            +---------+---------+-------+---------+---------+-------
